[Event "ICC tourney 2347 (3 2)"]
[Site "Internet Chess Club"]
[Date "2021.01.29"]
[Round "6"]
[White "summermonkey291"]
[Black "marksheinin"]
[Result "1-0"]
[ICCResult "Black checkmated"]
[WhiteElo "1099"]
[BlackElo "693"]
[Opening "QGA: 3.e4"]
[ECO "D20"]
[NIC "QG.04"]
[Time "20:08:22"]
[PlyCount "41"]
[TimeControl "180+2"]

1. d4 d5 2. c4 dxc4 3. e4 Nf6 4. e5 Ne4 5. Bxc4 Nc6 6. Qf3 Ng5 7. Bxg5 Nxd4
8. Qxf7+ Kd7 9. e6+ Kc6 10. Bd3 Bxe6 11. Qf4 Bc4 12. Bxc4 Nc2+ 13. Ke2 Nxa1
14. Qe4+ Kb6 15. Be3+ Ka5 16. Qxb7 Rb8 17. Qa6+ Kb4 18. Bd2+ Kc5 19. Be3+
Kb4 20. Qa3+ Kxc4 21. Qc5# { Black checkmated } 1-0

[Event "ICC tourney 2347 (3 2)"]
[Site "Internet Chess Club"]
[Date "2021.01.29"]
[Round "6"]
[White "Xuanli28"]
[Black "atharvamchess"]
[Result "1-0"]
[ICCResult "Black forfeits on time"]
[WhiteElo "2252"]
[BlackElo "1446"]
[Opening "Giuoco Piano"]
[ECO "C54"]
[NIC "IG.02"]
[Time "20:08:18"]
[PlyCount "63"]
[TimeControl "180+2"]

1. e4 e5 2. Nf3 Nc6 3. Bc4 Bc5 4. c3 Nf6 5. d3 d6 6. O-O O-O 7. a4 a5 8. h3
h6 9. Nbd2 Be6 10. Re1 Qe7 11. Nf1 Bxc4 12. dxc4 Nd7 13. Ng3 Nb6 14. b3 Nd7
15. Nf5 Qe6 16. N3h4 Ne7 17. Qg4 Nxf5 18. Nxf5 Qf6 19. Bxh6 g6 20. Bxf8
Kxf8 21. Ne3 Bxe3 22. Rxe3 Nc5 23. Rb1 Qe6 24. Qxe6 Nxe6 25. f3 Ke7 26. Re2
Nf4 27. Ra2 f5 28. b4 axb4 29. cxb4 Nd3 30. a5 Nf4 31. b5 Ne6 32. b6 {
Black forfeits on time } 1-0

[Event "ICC tourney 2347 (3 2)"]
[Site "Internet Chess Club"]
[Date "2021.01.29"]
[Round "6"]
[White "Edwardsong"]
[Black "elMo17"]
[Result "0-1"]
[ICCResult "White forfeits on time"]
[WhiteElo "475"]
[BlackElo "1786"]
[Opening "French: advance, Wade variation"]
[ECO "C02"]
[NIC "FR.03"]
[Time "20:08:18"]
[PlyCount "106"]
[TimeControl "180+2"]

1. e4 e6 2. d4 d5 3. e5 c5 4. Nf3 Qb6 5. c3 Bd7 6. Bd3 Bb5 7. Bxb5+ Qxb5 8.
Na3 Qb6 9. Be3 Nc6 10. dxc5 Bxc5 11. Bxc5 Qxc5 12. O-O Nge7 13. Qd3 a6 14.
b4 Qb6 15. Rac1 O-O 16. Ng5 Ng6 17. Qh3 h6 18. Nf3 Ncxe5 19. Nxe5 Nxe5 20.
Qg3 Ng6 21. h4 Rac8 22. h5 Ne7 23. Qg4 Nf5 24. Nb1 Rc4 25. Qf3 Qd6 26. Nd2
Rf4 27. Qh3 Rh4 28. Qxh4 Nxh4 29. g3 Nf5 30. g4 Nh4 31. Rce1 Qf4 32. Re3
Qxg4+ 33. Rg3 Qxh5 34. Kh2 Nf5+ 35. Rh3 Qg5 36. Rg1 Qxd2 37. Kh1 Qxf2 38.
Rh2 Ng3+ 39. Rxg3 Qxg3 40. Rg2 Qxc3 41. Kh2 Rc8 42. Rg3 Qxg3+ 43. Kxg3 d4
44. Kf2 d3 45. Ke1 Rd8 46. Kd1 e5 47. b5 e4 48. bxa6 bxa6 49. a4 e3 50. a5
d2 51. Ke2 d1=Q+ 52. Kxe3 Qd4+ 53. Ke2 Qd3+ { White forfeits on time } 0-1

[Event "ICC tourney 2347 (3 2)"]
[Site "Internet Chess Club"]
[Date "2021.01.29"]
[Round "6"]
[White "aarm2008"]
[Black "predatorx"]
[Result "0-1"]
[ICCResult "White checkmated"]
[WhiteElo "1709"]
[BlackElo "1815"]
[Opening "French: Wing gambit"]
[ECO "C00"]
[NIC "FR.01"]
[Time "20:08:18"]
[PlyCount "112"]
[TimeControl "180+2"]

1. e4 e6 2. Nf3 d5 3. e5 c5 4. b4 Nc6 5. bxc5 Bxc5 6. d4 Bb6 7. c3 Nge7 8.
Bd3 Ng6 9. h4 Bd7 10. h5 Nge7 11. Na3 Ba5 12. Bd2 a6 13. Qc2 Rc8 14. Qb1
Qc7 15. Bxh7 Na7 16. Bd3 Bxc3 17. O-O Bxd2 18. Nxd2 Qc3 19. Nb3 Rxh5 20.
Rc1 Qb4 21. Rxc8+ Nexc8 22. Qd1 Qf8 23. Qxh5 Qxa3 24. Nc5 Qb2 25. Rd1 Qxd4
26. Nxd7 Kxd7 27. Bb5+ Nxb5 28. Rxd4 Nxd4 29. Qxf7+ Ne7 30. Qxg7 b5 31. f4
b4 32. Kf2 a5 33. Ke3 Nf5+ 34. Kd3 Nxg7 35. g4 Kc6 36. Kd4 Kb5 37. Kd3 a4
38. Kc2 b3+ 39. axb3 axb3+ 40. Kxb3 Nef5 41. gxf5 Nxf5 42. Kc3 Kc5 43. Kd3
Kb4 44. Kd2 Kc4 45. Ke2 d4 46. Kd2 Kb4 47. Kd3 Kb3 48. Kd2 Kc4 49. Kc2 d3+
50. Kd2 Kd4 51. Kd1 Ke3 52. Ke1 Nd4 53. Kd1 d2 54. f5 Kd3 55. fxe6 Nb5 56.
e7 Nc3# { White checkmated } 0-1

[Event "ICC tourney 2347 (3 2)"]
[Site "Internet Chess Club"]
[Date "2021.01.29"]
[Round "6"]
[White "DavidNest"]
[Black "LionsWilliamH"]
[Result "1-0"]
[ICCResult "Black forfeits on time"]
[WhiteElo "1270"]
[BlackElo "604"]
[Opening "Scandinavian (center counter) defense"]
[ECO "B01"]
[NIC "VO.17"]
[Time "20:10:24"]
[PlyCount "53"]
[TimeControl "180+2"]

1. e4 d5 2. e5 Nc6 3. d4 Bf5 4. Bb5 a6 5. Bxc6+ bxc6 6. Nf3 e6 7. Bg5 f6 8.
exf6 gxf6 9. Bf4 Bb4+ 10. c3 Ba5 11. Nbd2 Ne7 12. Nb3 Bb6 13. O-O Rb8 14.
Nh4 Ng6 15. Nxf5 exf5 16. Bg3 O-O 17. Qe1 Qd7 18. Qd2 Rbe8 19. f3 c5 20.
dxc5 Ba7 21. Rad1 c6 22. Bf2 Bb8 23. Rfe1 Rxe1+ 24. Rxe1 Qc7 25. Bg3 Qd7
26. Bxb8 Rxb8 27. Qe3 { Black forfeits on time } 1-0

[Event "ICC tourney 2347 (3 2)"]
[Site "Internet Chess Club"]
[Date "2021.01.29"]
[Round "6"]
[White "YertletheTurtle"]
[Black "Kyle2007"]
[Result "0-1"]
[ICCResult "White checkmated"]
[WhiteElo "1569"]
[BlackElo "2038"]
[Opening "English: symmetrical, Botvinnik system"]
[ECO "A36"]
[NIC "EO.30"]
[Time "20:08:20"]
[PlyCount "128"]
[TimeControl "180+2"]

1. c4 c5 2. Nc3 g6 3. g3 Bg7 4. Bg2 Nc6 5. e4 e5 6. d3 Nge7 7. Nge2 O-O 8.
O-O d6 9. f4 Rb8 10. Nd5 Be6 11. a3 f5 12. Be3 exf4 13. Nexf4 Qd7 14. Rb1
fxe4 15. Bxe4 Nd4 16. b4 Nxd5 17. Bxd5 Bxd5 18. Nxd5 Rxf1+ 19. Qxf1 Rf8 20.
Qg2 b6 21. Rf1 Rxf1+ 22. Qxf1 Qe6 23. Qg2 h5 24. b5 Kh7 25. a4 Qf5 26. Nf4
Qg4 27. h3 Qd1+ 28. Kh2 Qc2 29. Qxc2 Nxc2 30. Bd2 Nd4 31. Kg2 Be5 32. Nd5
Ne6 33. a5 bxa5 34. Bxa5 g5 35. Ne7 h4 36. gxh4 gxh4 37. Nc6 Nf4+ 38. Kf3
Nxh3 39. Nxa7 Bg3 40. b6 Ng5+ 41. Kg2 Ne6 42. b7 d5 43. cxd5 Nf4+ 44. Kf1
Nxd5 45. Nc6 h3 46. Bc7 Bxc7 47. b8=Q Bxb8 48. Nxb8 Nf4 49. Nd7 Nxd3 50.
Nxc5 Nxc5 51. Kf2 Ne4+ 52. Kf3 Ng5+ 53. Kg3 Kg6 54. Kh2 Kf6 55. Kg3 Kf5 56.
Kh2 Kg4 57. Kh1 Kg3 58. Kg1 Ne4 59. Kh1 Nf2+ 60. Kg1 h2+ 61. Kf1 h1=Q+ 62.
Ke2 Qf3+ 63. Kf1 Nd3+ 64. Kg1 Qd1# { White checkmated } 0-1

[Event "ICC tourney 2347 (3 2)"]
[Site "Internet Chess Club"]
[Date "2021.01.29"]
[Round "7"]
[White "Kyle2007"]
[Black "DavidNest"]
[Result "1-0"]
[ICCResult "Black checkmated"]
[WhiteElo "2038"]
[BlackElo "1270"]
[Opening "QP counter-gambit (elephant gambit)"]
[ECO "C40"]
[NIC "KP.10"]
[Time "20:19:37"]
[PlyCount "37"]
[TimeControl "180+2"]

1. e4 e5 2. Nf3 d5 3. d4 dxe4 4. Nxe5 Nf6 5. Bc4 Be6 6. Bxe6 fxe6 7. O-O g6
8. Nc3 Bg7 9. Bg5 O-O 10. Nxe4 Qd5 11. Nxf6+ Bxf6 12. Bxf6 Rxf6 13. c3 c5
14. Qa4 cxd4 15. Qe8+ Kg7 16. Qe7+ Kg8 17. Qxf6 dxc3 18. Qf7+ Kh8 19. Qf8#
{ Black checkmated } 1-0

[Event "ICC tourney 2347 (3 2)"]
[Site "Internet Chess Club"]
[Date "2021.01.29"]
[Round "7"]
[White "IcePotato"]
[Black "GlibNest"]
[Result "0-1"]
[ICCResult "White checkmated"]
[WhiteElo "1298"]
[BlackElo "1502"]
[Opening "Dutch with c4 & Nc3"]
[ECO "A85"]
[NIC "HD.05"]
[Time "20:19:14"]
[PlyCount "86"]
[TimeControl "180+2"]

1. d4 f5 2. c4 Nf6 3. Nc3 g6 4. Nf3 Bg7 5. Bg5 O-O 6. e3 d6 7. Be2 Qe8 8.
O-O Nbd7 9. Qd3 e5 10. dxe5 dxe5 11. e4 Nc5 12. Qe3 Ncxe4 13. Nxe4 Nxe4 14.
c5 Nxg5 15. Nxg5 Qe7 16. Bc4+ Kh8 17. f4 e4 18. Qh3 h6 19. Nf7+ Rxf7 20.
Bxf7 Qxf7 21. Rf2 Bd4 22. Qxh6+ Qh7 23. Qf8+ Qg8 24. Qxg8+ Kxg8 25. Rd1
Bxc5 26. Rd8+ Kf7 27. Kf1 Bxf2 28. Kxf2 b6 29. h3 Ke7 30. Rg8 Kf7 31. Rd8
a5 32. g4 b5 33. gxf5 gxf5 34. h4 Kg6 35. Kg3 b4 36. b3 e3 37. Re8 Bb7 38.
Rxa8 Bxa8 39. h5+ Kxh5 40. Kh2 e2 41. Kg1 e1=Q+ 42. Kh2 Qf2+ 43. Kh3 Qg2# {
White checkmated } 0-1

[Event "ICC tourney 2347 (3 2)"]
[Site "Internet Chess Club"]
[Date "2021.01.29"]
[Round "7"]
[White "predatorx"]
[Black "Xuanli28"]
[Result "0-1"]
[ICCResult "White forfeits on time"]
[WhiteElo "1815"]
[BlackElo "2252"]
[Opening "King's Indian defense, 3.Nc3"]
[ECO "E61"]
[NIC "KI.80"]
[Time "20:19:37"]
[PlyCount "56"]
[TimeControl "180+2"]

1. d4 Nf6 2. c4 g6 3. Nc3 Bg7 4. Bg5 d6 5. Qc2 h6 6. Bh4 O-O 7. Nf3 Bg4 8.
h3 Bxf3 9. gxf3 e5 10. d5 Qe8 11. O-O-O a5 12. Nb5 Na6 13. e3 Nd7 14. a3 f5
15. e4 f4 16. Rg1 g5 17. Bxg5 hxg5 18. Rxg5 Qe7 19. h4 Ndc5 20. Bh3 Rf7 21.
Rdg1 c6 22. Nc3 Nc7 23. h5 Kh8 24. Rg6 a4 25. h6 Bf6 26. Bf5 Nb3+ 27. Kb1
Nd4 28. Qd1 cxd5 { White forfeits on time } 0-1

[Event "ICC tourney 2347 (3 2)"]
[Site "Internet Chess Club"]
[Date "2021.01.29"]
[Round "7"]
[White "atharvamchess"]
[Black "aarm2008"]
[Result "1-0"]
[ICCResult "Black forfeits on time"]
[WhiteElo "1446"]
[BlackElo "1709"]
[Opening "Queen's pawn: London system"]
[ECO "A45"]
[NIC "QP.07"]
[Time "20:19:21"]
[PlyCount "59"]
[TimeControl "180+2"]

1. d4 Nf6 2. Bf4 d5 3. e3 c5 4. c3 Nc6 5. Bd3 Bg4 6. f3 Bh5 7. Nd2 Bg6 8.
Bxg6 hxg6 9. Nh3 e6 10. Nf2 Bd6 11. Bxd6 Qxd6 12. h3 Qg3 13. Qe2 cxd4 14.
exd4 Nh5 15. Nf1 Qxg2 16. Ng4 Qxh1 17. O-O-O Qxh3 18. Nfe3 Nf4 19. Qb5 Rb8
20. Ne5 a6 21. Qa4 Rc8 22. N3g4 O-O 23. Nxc6 Rxc6 24. Ne5 Rc7 25. Qa5 Rfc8
26. Qb4 Ne2+ 27. Kb1 Qf5+ 28. Ka1 Qc2 29. Rb1 f6 30. Ng4 { Black forfeits
on time } 1-0

[Event "ICC tourney 2347 (3 2)"]
[Site "Internet Chess Club"]
[Date "2021.01.29"]
[Round "7"]
[White "elMo17"]
[Black "escape18"]
[Result "1-0"]
[ICCResult "Black forfeits on time"]
[WhiteElo "1786"]
[BlackElo "1328"]
[Opening "Queen's pawn game"]
[ECO "D02"]
[NIC "QP.08"]
[Time "20:19:27"]
[PlyCount "63"]
[TimeControl "180+2"]

1. d4 d5 2. Nf3 c6 3. e3 Bg4 4. Nbd2 Nf6 5. Be2 e6 6. O-O Bd6 7. c4 Qc7 8.
h3 Bh5 9. c5 Be7 10. Ne5 Bxe2 11. Qxe2 O-O 12. f4 Nbd7 13. g4 Nxe5 14. fxe5
Nd7 15. e4 b6 16. b4 a5 17. cxb6 Qxb6 18. Nf3 Nxe5 19. Be3 Nxf3+ 20. Qxf3
Qxb4 21. exd5 cxd5 22. g5 Rac8 23. h4 Rc3 24. Qf4 Qa3 25. Rf3 Qb2 26. Re1
Qxa2 27. h5 Rb3 28. h6 g6 29. Qe5 f6 30. gxf6 Bxf6 31. Qxe6+ Kh8 32. Rxf6 {
Black forfeits on time } 1-0

[Event "ICC tourney 2347 (3 2)"]
[Site "Internet Chess Club"]
[Date "2021.01.29"]
[Round "7"]
[White "tinyattacker"]
[Black "SimonMango"]
[Result "1-0"]
[ICCResult "Black checkmated"]
[WhiteElo "1216"]
[BlackElo "1149"]
[Opening "Sicilian: accelerated fianchetto, modern variation"]
[ECO "B34"]
[NIC "SI.33"]
[Time "20:19:18"]
[PlyCount "117"]
[TimeControl "180+2"]

1. e4 c5 2. Nf3 Nc6 3. d4 cxd4 4. Nxd4 g6 5. Nc3 Bg7 6. Be3 Nf6 7. f3 O-O
8. Qd2 Re8 9. O-O-O d5 10. Nxc6 bxc6 11. exd5 cxd5 12. Nxd5 Nxd5 13. Qxd5
Be6 14. Qxd8 Rexd8 15. Rxd8+ Rxd8 16. a3 Rb8 17. b3 Rc8 18. Bd3 Bxb3 19.
Bxa7 Be6 20. Re1 Ra8 21. Bc5 Rb8 22. Bxe7 Bb2+ 23. Kd1 Ra8 24. Kd2 Bxa3 25.
Bxa3 Rxa3 26. Rb1 Ra2 27. Kc1 Kg7 28. Rb2 Ra1+ 29. Rb1 Ra2 30. Kd2 Kg8 31.
Ke3 Kg7 32. g3 Kf6 33. Rb4 Ra3 34. Rf4+ Bf5 35. g4 Ke5 36. gxf5 g5 37. Re4+
Kxf5 38. Ra4+ Kf6 39. Rxa3 Ke5 40. Ra4 f5 41. Ke2 h5 42. h3 h4 43. Kf2 g4
44. fxg4 fxg4 45. hxg4 h3 46. Kg1 h2+ 47. Kxh2 Kf6 48. Ra5 Ke6 49. g5 Kf7
50. Kg3 Kg7 51. Ra6 Kf7 52. Kf4 Kg7 53. Re6 Kf7 54. Rd6 Kg7 55. Kf5 Kf7 56.
g6+ Kg7 57. Rd7+ Kf8 58. Kf6 Kg8 59. Rd8# { Black checkmated } 1-0

[Event "ICC tourney 2347 (3 2)"]
[Site "Internet Chess Club"]
[Date "2021.01.29"]
[Round "7"]
[White "Edwardsong"]
[Black "summermonkey291"]
[Result "0-1"]
[ICCResult "White forfeits on time"]
[WhiteElo "475"]
[BlackElo "1099"]
[Opening "Petrov's defense"]
[ECO "C42"]
[NIC "RG.03"]
[Time "20:19:14"]
[PlyCount "98"]
[TimeControl "180+2"]

1. e4 e5 2. Nf3 Nf6 3. Nxe5 d6 4. Nd3 Nxe4 5. Qe2 Qe7 6. Nc3 Nxc3 7. Qxe7+
Bxe7 8. dxc3 Nc6 9. Be3 Bf5 10. O-O-O O-O-O 11. Nb4 Nxb4 12. cxb4 Kb8 13.
h3 Bf6 14. g4 Be4 15. Rg1 Bf3 16. Rd2 Bd5 17. Rxd5 c6 18. Rd2 d5 19. Rd3 d4
20. Bf4+ Kc8 21. Ra3 Rhe8 22. Bd3 a6 23. Bf5+ Rd7 24. Bxd7+ Kxd7 25. c3
dxc3 26. bxc3 Re2 27. Kd1 Rxf2 28. Ke1 Rxf4 29. Kd1 Rf3 30. Kc2 Rf2+ 31.
Kb3 Rf3 32. Rd1+ Kc7 33. Kc4 b5+ 34. Kc5 Bxc3 35. Rxa6 Kb7 36. Rb6+ Kc7 37.
Ra6 Kb7 38. Rb6+ Kc7 39. Rd6 Be5 40. Rbxc6+ Kb7 41. Rd7+ Kb8 42. Rb6+ Kc8
43. Rxf7 Rxf7 44. Rc6+ Kd8 45. Ra6 Rf2 46. Ra8+ Ke7 47. Ra7+ Kf6 48. Ra6+
Kg5 49. Kd5 Bc3 { White forfeits on time } 0-1

[Event "ICC tourney 2347 (3 2)"]
[Site "Internet Chess Club"]
[Date "2021.01.29"]
[Round "7"]
[White "sushimonster"]
[Black "YertletheTurtle"]
[Result "0-1"]
[ICCResult "White checkmated"]
[WhiteElo "1510"]
[BlackElo "1569"]
[Opening "Sicilian: Alapin's variation (2.c3)"]
[ECO "B22"]
[NIC "SI.46"]
[Time "20:20:34"]
[PlyCount "124"]
[TimeControl "180+2"]

1. e4 c5 2. c3 d5 3. exd5 Qxd5 4. d4 Nf6 5. Nf3 Bg4 6. dxc5 Bxf3 7. gxf3
Qxc5 8. Be3 Qc7 9. Bb5+ Nc6 10. Qa4 e6 11. Bxc6+ Qxc6 12. Qxc6+ bxc6 13.
Nd2 Rb8 14. Rb1 c5 15. Ne4 Nxe4 16. fxe4 Be7 17. O-O O-O 18. Rfd1 Rfd8 19.
b3 a6 20. c4 h6 21. f3 Kh7 22. Kf1 Kg6 23. Ke2 f5 24. Rg1+ Kf6 25. Bf4 e5
26. Be3 f4 27. Bf2 Rd7 28. Rgd1 Rbd8 29. Rd5 Rxd5 30. cxd5 g5 31. Rc1 Rc8
32. h3 Bd6 33. Kd3 h5 34. b4 c4+ 35. Rxc4 Rxc4 36. Kxc4 Ke7 37. b5 axb5+
38. Kxb5 Kd7 39. Kb6 Bc7+ 40. Kb7 Ba5 41. a4 Bd2 42. Kb6 Be3+ 43. Bxe3 fxe3
44. a5 e2 45. a6 e1=Q 46. a7 Qb1+ 47. Ka6 Qd3+ 48. Kb7 Qb5+ 49. Ka8 Qc5 50.
d6 Kxd6 51. h4 gxh4 52. f4 h3 53. fxe5+ Kxe5 54. Kb7 Qxa7+ 55. Kxa7 h2 56.
Kb7 h1=Q 57. Kb8 Qxe4 58. Ka7 Qc6 59. Kb8 Qd7 60. Ka8 Kd6 61. Kb8 Kc6 62.
Ka8 Qb7# { White checkmated } 0-1

[Event "ICC tourney 2347 (3 2)"]
[Site "Internet Chess Club"]
[Date "2021.01.29"]
[Round "8"]
[White "LionsWilliamH"]
[Black "sushimonster"]
[Result "0-1"]
[ICCResult "White checkmated"]
[WhiteElo "604"]
[BlackElo "1510"]
[Opening "Giuoco Pianissimo: Italian four knights variation"]
[ECO "C47"]
[NIC "KP.06"]
[Time "20:32:45"]
[PlyCount "24"]
[TimeControl "180+2"]

1. e4 e5 2. Nf3 Nc6 3. Nc3 Nf6 4. Bc4 Bc5 5. d3 d6 6. O-O Bg4 7. Bg5 h6 8.
Bxf6 Qxf6 9. h3 Bxf3 10. gxf3 Qg5+ 11. Kh1 Qh4 12. Rg1 Qxh3# { White
checkmated } 0-1

[Event "ICC tourney 2347 (3 2)"]
[Site "Internet Chess Club"]
[Date "2021.01.29"]
[Round "8"]
[White "SimonMango"]
[Black "bananaplaychess"]
[Result "1-0"]
[ICCResult "Black resigns"]
[WhiteElo "1149"]
[BlackElo "610"]
[Opening "English opening"]
[ECO "A20"]
[NIC "EO.25"]
[Time "20:33:24"]
[PlyCount "50"]
[TimeControl "180+2"]

1. c4 e5 2. f4 Nc6 3. fxe5 Nxe5 4. Nf3 Nxf3+ 5. exf3 Nf6 6. d4 Be7 7. Bd3
O-O 8. Bf4 Bd6 9. Bxd6 Re8+ 10. Be5 d6 11. O-O dxe5 12. dxe5 Rxe5 13. Bxh7+
Kxh7 14. Qxd8 Re8 15. Qxc7 a5 16. Qxf7 Ra6 17. Nc3 Rae6 18. Nd5 Nxd5 19.
cxd5 R6e7 20. Qh5+ Kg8 21. d6 Re5 22. Qg6 R8e6 23. Qg3 Rd5 24. Rad1 Rxd1
25. Rxd1 Bd7 { Black resigns } 1-0

[Event "ICC tourney 2347 (3 2)"]
[Site "Internet Chess Club"]
[Date "2021.01.29"]
[Round "8"]
[White "elMo17"]
[Black "atharvamchess"]
[Result "1-0"]
[ICCResult "Black forfeits on time"]
[WhiteElo "1786"]
[BlackElo "1446"]
[Opening "Queen's pawn game"]
[ECO "D05"]
[NIC "QP.08"]
[Time "20:31:55"]
[PlyCount "59"]
[TimeControl "180+2"]

1. d4 d5 2. Nf3 Nf6 3. e3 e6 4. Bd3 c5 5. O-O Be7 6. c3 O-O 7. Nbd2 Nc6 8.
dxc5 Bxc5 9. b4 Bd6 10. Bb2 b6 11. b5 Ne5 12. Be2 Nxf3+ 13. Nxf3 Bb7 14. a4
Qe7 15. c4 dxc4 16. Bxc4 Rfd8 17. Qe2 Rac8 18. Rac1 Bc5 19. Ne5 h6 20. Rfd1
Nd5 21. Qg4 f6 22. Ng6 Qf7 23. e4 Kh7 24. exd5 Qxg6 25. Qxg6+ Kxg6 26. dxe6
Rxd1+ 27. Rxd1 Re8 28. Rd7 Bc8 29. Bd3+ f5 30. Rxa7 { Black forfeits on
time } 1-0

[Event "ICC tourney 2347 (3 2)"]
[Site "Internet Chess Club"]
[Date "2021.01.29"]
[Round "8"]
[White "YertletheTurtle"]
[Black "DavidNest"]
[Result "1/2-1/2"]
[ICCResult "Game drawn by mutual agreement"]
[WhiteElo "1569"]
[BlackElo "1270"]
[Opening "English: Anglo-Dutch defense"]
[ECO "A10"]
[NIC "HD.14"]
[Time "20:32:02"]
[PlyCount "80"]
[TimeControl "180+2"]

1. c4 f5 2. Nc3 Nf6 3. g3 g6 4. Bg2 Bg7 5. e3 O-O 6. Nge2 d6 7. O-O e5 8.
d4 e4 9. b3 Nbd7 10. Bb2 b6 11. d5 Bb7 12. Nf4 Qe7 13. Ne6 Rfc8 14. Nb5 c6
15. dxc6 Bxc6 16. Qxd6 Re8 17. Qxc6 Qxe6 18. Qxe6+ Rxe6 19. Nc7 Ree8 20.
Nxa8 Rxa8 21. Rfd1 Nc5 22. Bf1 Ng4 23. Bxg7 Kxg7 24. h3 Ne5 25. b4 Ncd3 26.
Bxd3 Nxd3 27. b5 Rc8 28. Kg2 Rxc4 29. g4 Rc2 30. Rf1 Rc5 31. a4 Kf6 32. Ra3
Ke5 33. Rd1 Kd5 34. Rdxd3+ exd3 35. Rxd3+ Ke6 36. Kf3 fxg4+ 37. hxg4 Rc4
38. Ra3 Kd5 39. Rd3+ Kc5 40. Rd7 Rxa4 { Game drawn by mutual agreement }
1/2-1/2

[Event "ICC tourney 2347 (3 2)"]
[Site "Internet Chess Club"]
[Date "2021.01.29"]
[Round "8"]
[White "escape18"]
[Black "Edwardsong"]
[Result "1-0"]
[ICCResult "Black checkmated"]
[WhiteElo "1328"]
[BlackElo "475"]
[Opening "Queen's gambit declined"]
[ECO "D30"]
[NIC "QP.08"]
[Time "20:32:00"]
[PlyCount "81"]
[TimeControl "180+2"]

1. d4 d5 2. c4 e6 3. e3 Nf6 4. Nc3 Nc6 5. Nf3 Bb4 6. Qc2 O-O 7. a3 Ba5 8.
b4 Bb6 9. c5 e5 10. cxb6 exd4 11. bxc7 Qxc7 12. Nxd4 Nxd4 13. exd4 Re8+ 14.
Be3 Ng4 15. Qd3 g6 16. Be2 Bf5 17. Qd2 Nxe3 18. fxe3 Qe7 19. Nxd5 Qd6 20.
Nf4 Re7 21. O-O Rae8 22. Bb5 Rd8 23. Bd3 Bg4 24. h3 Bh5 25. Be2 Bxe2 26.
Qxe2 g5 27. Qg4 h6 28. Nh5 Rxe3 29. Rf6 Qxd4 30. Rff1 Re4+ 31. Rf2 Rxg4 32.
hxg4 Qxg4 33. Nf6+ Kg7 34. Nxg4 Rd4 35. Ne3 Re4 36. Re1 Rg4 37. Nxg4 Kg6
38. Ne5+ Kh5 39. Rxf7 Kh4 40. Re4+ Kg3 41. Rf3# { Black checkmated } 1-0

[Event "ICC tourney 2347 (3 2)"]
[Site "Internet Chess Club"]
[Date "2021.01.29"]
[Round "8"]
[White "aarm2008"]
[Black "tinyattacker"]
[Result "1/2-1/2"]
[ICCResult "Game drawn because neither player has mating material"]
[WhiteElo "1709"]
[BlackElo "1216"]
[Opening "Vienna game"]
[ECO "C25"]
[NIC "VG.04"]
[Time "20:32:23"]
[PlyCount "112"]
[TimeControl "180+2"]

1. e4 e5 2. Nc3 Bc5 3. Bc4 Nf6 4. d3 h6 5. f4 exf4 6. Bxf4 d6 7. Nf3 Bg4 8.
d4 Bxf3 9. gxf3 Bb6 10. Na4 d5 11. Nxb6 axb6 12. Bd3 dxe4 13. fxe4 O-O 14.
c3 Re8 15. e5 Nd5 16. Bd2 Qh4+ 17. Kf1 Nf4 18. Bxf4 Qxf4+ 19. Kg2 Qg5+ 20.
Kf2 Qf4+ 21. Qf3 Qd2+ 22. Be2 Qxb2 23. Rhg1 Rxa2 24. Rxa2 Qxa2 25. Qf6 g6
26. Ke3 Qe6 27. Qh4 Kh7 28. Bd3 Rg8 29. Rf1 Nd7 30. Rf3 f6 31. Rh3 h5 32.
Qxh5+ Kg7 33. Qxg6+ Kf8 34. Qh6+ Ke8 35. Qh5+ Kd8 36. Bf5 Qe7 37. Bxd7 Qxd7
38. Qh8 Rxh8 39. Rxh8+ Ke7 40. Rh7+ Ke6 41. Rxd7 Kxd7 42. exf6 Ke6 43. Ke4
Kxf6 44. Kd5 Ke7 45. Ke5 c5 46. d5 b5 47. d6+ Kd7 48. Kd5 b6 49. h4 b4 50.
cxb4 cxb4 51. Kc4 b3 52. Kxb3 Kxd6 53. Kb4 Ke6 54. Kb5 Kf5 55. Kxb6 Kg4 56.
h5 Kxh5 { Game drawn because neither player has mating material } 1/2-1/2

[Event "ICC tourney 2347 (3 2)"]
[Site "Internet Chess Club"]
[Date "2021.01.29"]
[Round "8"]
[White "Xuanli28"]
[Black "GlibNest"]
[Result "1-0"]
[ICCResult "Black checkmated"]
[WhiteElo "2252"]
[BlackElo "1502"]
[Opening "QP counter-gambit (elephant gambit)"]
[ECO "C40"]
[NIC "KP.10"]
[Time "20:32:14"]
[PlyCount "125"]
[TimeControl "180+2"]

1. e4 e5 2. Nf3 d5 3. Nc3 dxe4 4. Nxe4 f5 5. Ng3 Nc6 6. Bb5 Bd6 7. O-O Nf6
8. d4 e4 9. Ne5 Bxe5 10. dxe5 Ng4 11. h3 Nxe5 12. Bf4 O-O 13. c3 a6 14.
Qb3+ Kh8 15. Be2 Rb8 16. Rad1 Qe7 17. Bxe5 Nxe5 18. f4 exf3 19. Bxf3 Nxf3+
20. Rxf3 Be6 21. Qc2 g6 22. Re1 Qc5+ 23. Kh1 Bd5 24. Rd3 Be4 25. Nxe4 fxe4
26. Rxe4 Rf1+ 27. Kh2 Qg1+ 28. Kg3 Rbf8 29. Qe2 R1f2 30. Qe3 Qxg2+ 31. Kh4
R2f3 32. Qd4+ Kg8 33. Qd5+ Kh8 34. Rxf3 Qxf3 35. Qd4+ Kg8 36. Rg4 Qf2+ 37.
Qxf2 Rxf2 38. Kg3 Rxb2 39. Rc4 Rxa2 40. Rxc7 Rb2 41. Kf3 h5 42. Rc8+ Kf7
43. Ke3 Rb3 44. Kd3 a5 45. Kc2 Rb6 46. Ra8 Ra6 47. Rb8 b6 48. Kb3 Ke6 49.
Kc4 Kf5 50. Kb5 Ra7 51. Kxb6 Rd7 52. c4 Kf4 53. c5 Kg3 54. c6 Rd6 55. Kc5
Rxc6+ 56. Kxc6 Kxh3 57. Rb5 h4 58. Kd5 Kg3 59. Rb3+ Kg2 60. Ke4 h3 61. Rb2+
Kg1 62. Kf3 h2 63. Rb1# { Black checkmated } 1-0

[Event "ICC tourney 2347 (3 2)"]
[Site "Internet Chess Club"]
[Date "2021.01.29"]
[Round "8"]
[White "IcePotato"]
[Black "summermonkey291"]
[Result "1-0"]
[ICCResult "Black forfeits on time"]
[WhiteElo "1298"]
[BlackElo "1099"]
[Opening "QGD: Ragozin variation"]
[ECO "D38"]
[NIC "NI.27"]
[Time "20:32:13"]
[PlyCount "129"]
[TimeControl "180+2"]

1. d4 d5 2. c4 e6 3. Nc3 Nf6 4. Nf3 Bb4 5. Bg5 Nc6 6. e3 h6 7. Bh4 b6 8.
Be2 Bb7 9. O-O O-O 10. a3 Bxc3 11. bxc3 Na5 12. cxd5 Bxd5 13. Qc2 Nb3 14.
Rab1 Be4 15. Qxb3 Bxb1 16. Rxb1 Qd5 17. Qxd5 Nxd5 18. Rc1 f5 19. c4 Nf6 20.
Ne5 g5 21. Bg3 Ne4 22. Bf3 Rac8 23. d5 Rfe8 24. Nd7 Nxg3 25. Nf6+ Kf7 26.
Nxe8 Kxe8 27. hxg3 e5 28. g4 e4 29. Be2 f4 30. exf4 gxf4 31. c5 Kd7 32. c6+
Kd6 33. Rd1 Rd8 34. f3 e3 35. Kh2 Kc5 36. Kh3 Rh8 37. Kh4 Kd6 38. Kh5 Ke7
39. Kg6 Kd6 40. Kf5 h5 41. gxh5 Rxh5+ 42. Kxf4 Rxd5 43. Rxd5+ Kxd5 44. Kxe3
Kxc6 45. g4 Kd6 46. Kf4 Ke6 47. Bc4+ Kf6 48. g5+ Kg6 49. Bd3+ Kg7 50. Kf5
c5 51. g6 a5 52. a4 b5 53. axb5 a4 54. Bc4 a3 55. f4 a2 56. Bxa2 Kf8 57.
Kf6 c4 58. Bxc4 Ke8 59. g7 Kd7 60. g8=Q Kd6 61. Qd5+ Kc7 62. Qc6+ Kd8 63.
Qa8+ Kc7 64. b6+ Kd7 65. b7 { Black forfeits on time } 1-0